 Dungeon Crawl Stone Soup version 0.22.1-1-ga44c0e56f4 (webtiles) character file.

186 Morrissey the Skirmisher (level 5, -2/33 HPs)
             Began as a Gargoyle Fighter on Oct 27, 2018.
             Slain by an adder (3 damage)
             ... on level 3 of the Dungeon.
             The game lasted 00:04:09 (2276 turns).

Morrissey the Skirmisher (Gargoyle Fighter)         Turns: 2276, Time: 00:04:09

Health: -2/33      AC: 13    Str: 20    XL:     5   Next: 65%
Magic:  5/5        EV:  5    Int:  8    God:
Gold:   48         SH:  9    Dex: 10    Spells: 4/4 levels left

rFire    . . .     SeeInvis .   a - +1 flail
rCold    . . .     Gourm    +   c - +0 shield
rNeg     + . .     Faith    .   e - +0 chain mail
rPois    ∞         Spirit   .   (no helmet)
rElec    +         Reflect  .   (no cloak)
rCorr    .         Harm     .   (no gloves)
MR       .....     Rnd*Tele +   (no boots)
Stlth    ..........             b - amulet of the gourmand
HPRegen  0.11/turn              g - ring of teleportation (curse)
MPRegen  0.09/turn              (no ring)

@: no status effects
A: negative energy resistance 1, electricity resistance, unbreathing,
petrification resistance, rot immunity, AC +4
a: no special abilities


You were on level 3 of the Dungeon.
You were very full.

You visited 1 branch of the dungeon, and saw 3 of its levels.

You collected 48 gold pieces.

Inventory:

Hand Weapons
 a - a +1 flail (weapon)
Armour
 c - a +0 shield (worn)
 e - a +0 chain mail (worn)
Jewellery
 b - an amulet of the gourmand (around neck)
 g - a cursed ring of teleportation (left hand)
 j - an uncursed ring of fire {unknown}
Scrolls
 k - a scroll of enchant weapon
Potions
 d - a potion of might
 h - a potion of mutation {unknown}
 l - 2 potions of haste {unknown}
Comestibles
 f - 3 rations


   Skills:
 + Level 4.2 Fighting
 * Level 3.9 Maces & Flails
 + Level 4.1 Armour
 + Level 4.2 Shields


You had 4 spell levels left.
You didn't know any spells.
Your spell library was empty.

Dungeon Overview and Level Annotations

Branches:
Dungeon (3/15)

Altars:
Ru
Sif Muna

Annotations:
D:3 Robin


Innate Abilities, Weirdness & Mutations

You are resistant to torment.
Your stone body is resilient. (AC +4)
You are immune to poison.
You resist negative energy. (rN+)
You are resistant to electric shocks. (rElec)
You can survive without breathing.
You are immune to petrification.
You are immune to rotting.


Message History

The adder bites you but does no damage. You block the giant cockroach's attack.
The adder bites you but does no damage.
A hobgoblin comes into view. It is wielding a club.
The orc priest calls down the wrath of Beogh upon you.
Beogh smites you!
The orc priest calls down the wrath of Beogh upon you.
Beogh smites you!
* * * LOW HITPOINT WARNING * * *
The adder bites you but does no damage.
Found a stone staircase leading down.
Things that are here:
a falchion; a chunk of flesh; an orc corpse You block the adder's attack.
The hobgoblin hits you but does no damage.
The adder bites you but does no damage.
The orc priest calls down the wrath of Beogh upon you.
Beogh smites you!
* * * LOW HITPOINT WARNING * * *
The adder bites you.
You die...

#.#.......#.#.####...#
#.................##.#
..........(.........#
#...............#
.##...............###
.................)†.#
#..............[..####
#.#....#)%s..g.......#
.##.##o###...ooS@.#....#
...oo..###o.......###..##
..o.....o.######### ##÷.#
...#####....#
###..####### ..# #....#
#......)...# .. ######
#).........# . ##8##
#.<.†......# .


8ggg8 ############ .gg%.# You could see an orc priest, an adder, 2 orcs, a giant
cockroach and a hobgoblin.

Vanquished Creatures
  An orc wizard (D:2)
  Terence (D:2)
  5 adders
  2 oozes
  2 worms (D:2)
  A dart slug (D:3)
  3 leopard geckos
  5 orcs
  A giant cockroach (D:2)
  2 goblins (D:1)
  13 hobgoblins
  6 jackals
  2 kobolds
  10 bats
  3 frilled lizards
  6 rats
63 creatures vanquished.

Notes
Turn   | Place    | Note
-------+----------+-------------------------------------------
     0 | D:1      | Morrissey the Gargoyle Fighter began the quest for the Orb.
     0 | D:1      | Reached XP level 1. HP: 14/14 MP: 1/1
   150 | D:1      | Reached XP level 2. HP: 16/19 MP: 2/2
   566 | D:1      | Reached XP level 3. HP: 23/23 MP: 3/3
  1284 | D:2      | Reached XP level 4. HP: 9/29 MP: 4/4
  1809 | D:2      | Noticed Terence
  1822 | D:2      | Killed Terence
  2013 | D:2      | Reached XP level 5. HP: 29/33 MP: 5/5
  2216 | D:3      | Noticed Robin
  2255 | D:3      | Found a deep blue altar of Sif Muna.
  2255 | D:3      | Found a sacrificial altar of Ru.
  2275 | D:3      | HP: 1/33 [orc priest/divine providence (10)]
  2276 | D:3      | Slain by an adder

Skill      XL: |  1  2  3  4 |
---------------+-------------+-----
Maces & Flails | 3 |  3.9
Shields        | 4 |  4.2
Fighting       | 4 |  4.2
Armour         | 4 |  4.1

Action                   |  1- 3 |  4- 6 || total
-------------------------+-------+-------++-------
Melee: Flail             |   154 |   186 ||   340
  Use: Scroll            |     1 |     1 ||     2
  Eat: Chunk             |    14 |     2 ||    16
Armor: Scale mail        |    27 |       ||    27
       Chain mail        |    78 |   145 ||   223
Dodge: Dodged            |    39 |    53 ||    92
Block: Shield            |    68 |   134 ||   202
